 Dungeon Crawl Stone Soup version 0.29-a0-819-g94b489e0ae (webtiles) character file.

Game seed: 5973417802370630323

104 porpoise the Sneak (level 4, -2/52 HPs)
             Began as a Demonspawn Brigand on July 7, 2022.
             Slain by a goblin
             ... wielding a +0 club
             ... led by Robin
              (4 damage)
             ... on level 3 of the Dungeon.
             The game lasted 00:08:38 (2003 turns).

porpoise the Sneak (Demonspawn Brigand)             Turns: 2003, Time: 00:08:39

Health: -2/52      AC: 22    Str: 13    XL:     4   Next: 52%
Magic:  4/4        EV:  2    Int: 13    God:
Gold:   120        SH:  0    Dex: 14    Spells: 3/3 levels left

rFire   . . .      SeeInvis .   b - +2 dagger
rCold   . . .      Faith    .   (no shield)
rNeg    . . .      Spirit   .   (body armour currently unavailable)
rPois   +          Reflect  .   (helmet currently unavailable)
rElec   .          Harm     .   (cloak currently unavailable)
rCorr   +          Rampage  .   (gloves currently unavailable)
Will    .....      NoTele   +   (boots currently unavailable)
Stlth   ++........              (no amulet)
HPRegen 0.17/turn               n - ring of resist corrosion
MPRegen 0.09/turn               (no ring)

@: brilliant, tree-form (expiring), attractive
A: stationary, stasis, torment immunity, boosted hp, (claws 1), powered by pain
1
a: no special abilities


You were on level 3 of the Dungeon.
You were a tree.
You visited 1 branch of the dungeon, and saw 3 of its levels.

You collected 120 gold pieces.

Inventory:

Hand Weapons
 b - a +2 dagger (weapon)
 w - a +0 spear
Missiles
 d - 9 poisoned darts (quivered)
 e - 3 curare-tipped darts
Armour
 c - a +0 cloak (melded)
 j - a +0 ring mail (melded)
 k - a +0 pair of boots (melded)
 l - a +2 pair of gloves (melded)
Jewellery
 n - a ring of resist corrosion (left branch)
Scrolls
 a - 2 scrolls of noise
Potions
 f - a potion of flight


   Skills:
 + Level 3.2 Fighting
 - Level 1.7 Short Blades
 - Level 1.7 Throwing
 + Level 2.1 Armour
 - Level 0.8 Dodging
 - Level 3.6 Stealth
 + Level 1.8 Unarmed Combat


You had 3 spell levels left.
You didn't know any spells.
Your spell library was empty.

Dungeon Overview and Level Annotations

Branches:
Dungeon (3/15)

Altars:
Okawaru


Innate Abilities, Weirdness & Mutations

You are a tree.
Your roots penetrate the ground, keeping you stationary.
You cannot be teleported.
You are immune to unholy pain and torment.
Your maximum health is greatly increased.
Your equipment is partially melded.
((You have sharp fingernails.))
You sometimes gain a little power by taking damage.


Message History

You hit Robin but do no damage.
Robin is severely wounded.
The goblin hits you but does no damage.
Robin roars a battlecry!
The goblin goes into a battle-frenzy!
The goblin hits you with a +0 club.
* * * LOW HITPOINT WARNING * * *
The hobgoblin hits you but does no damage.
You barely miss Robin.
Robin is severely wounded.
The goblin hits you but does no damage. The goblin hits you with a +0 club.
* * * LOW HITPOINT WARNING * * *
The hobgoblin hits you but does no damage.
Robin hits you but does no damage.
You hit Robin.
Robin is severely wounded.
The hobgoblin no longer looks unusually strong.
The goblin hits you with a +0 club.
* * * LOW HITPOINT WARNING * * *
The goblin hits you but does no damage. Robin hits you with a +0 mace.
* * * LOW HITPOINT WARNING * * *
The hobgoblin hits you but does no damage.
You hit Robin.
Robin is almost dead.
The goblin hits you but does no damage. x2
The hobgoblin hits you but does no damage.
Robin roars a battlecry!
The hobgoblin goes into a battle-frenzy!
You hit Robin.
You kill Robin!
Your transformation is almost over.
The goblin hits you but does no damage.
The hobgoblin hits you but does no damage.
The goblin barely misses you.
Unknown command.
You hit the goblin.
You kill the goblin!
The hobgoblin hits you but does no damage. x2
The goblin hits you with a +0 club.
You die...

### #.# ###########
########.######.g.......#
.........##....)........#
########.##..####.####..# #
########.##gr##....g##..# .
..##....)♣g.#..§...§#..# #
#.##....g##.#...§..g#§§#
########.##.....##....._..gg§§#
...................#...§.§§#r§...
########.#####.##..#....§§§#.§###
##### #.# #.##..##.....##g##
....## #†# #.# .####.### g#
###..# #.# #.# .. .... r# ##.#
#.# .# #### .#


You could see 2 hobgoblins, a goblin (strong) and a rat.

Vanquished Creatures
  Robin (D:3)
  4 adders
  4 bats
  3 endoplasms
  3 giant cockroaches (D:1)
  6 goblins
  9 hobgoblins
  2 jackals (D:3)
  2 kobolds (D:1)
  2 quokkas
  5 ball pythons
  10 frilled lizards (D:1)
  8 rats
59 creatures vanquished.

Vanquished Creatures (others)
  10 plants (D:1)
10 creatures vanquished.

Grand Total: 69 creatures vanquished

Notes
Turn   | Place    | Note
-------+----------+-------------------------------------------
     0 | D:1      | porpoise the Demonspawn Brigand began the quest for the
                  | Orb.
     0 | D:1      | Reached XP level 1. HP: 16/16 MP: 1/1
   252 | D:1      | Reached skill level 1 in Armour
   252 | D:1      | Gained mutation: You have sharp fingernails. [demonic
                  | ancestry]
   252 | D:1      | Reached XP level 2. HP: 22/23 MP: 2/2
  1077 | D:1      | Reached XP level 3. HP: 28/28 MP: 3/3
  1259 | D:2      | Reached skill level 1 in Unarmed Combat
  1359 | D:2      | Found a faded altar of an unknown god.
  1848 | D:3      | Gained mutation: You sometimes gain a little power by
                  | taking damage. [demonic ancestry]
  1848 | D:3      | Reached XP level 4. HP: 35/35 MP: 4/4
  1938 | D:3      | Found an iron altar of Okawaru.
  1943 | D:3      | Identified the +0 helmet "Lelo" {rPois Int+2}
  1943 | D:3      | Noticed Robin
  2000 | D:3      | HP: 2/52 [Robin/+0 mace (2)]
  2002 | D:3      | Killed Robin
  2003 | D:3      | Slain by a goblin

Illustrated notes

Levels and vault maps discovered:
D:1:      tarquinn_simple_flora_water_a, layout_loops_cross, minmay_lizard_king
D:2:      layout_rooms, chequers_ecumenical_altar_island
D:3:      layout_basic, old_standard_altar, uniq_natasha, uniq_robin

Skill      XL: |  1  2  3  4 |
---------------+-------------+-----
Armour         | 1 2 |  2.1
Unarmed Combat | 1 |  1.8
Fighting       | 3 |  3.2
Short Blades   | |  1.7
Throwing       | |  1.7
Dodging        | |  0.8
Stealth        | |  3.6

Action                   |  1- 3 |  4- 6 || total
-------------------------+-------+-------++-------
Melee: Dagger            |   166 |    55 ||   221
       Punch             |       |     2 ||     2
  Use: Potion            |       |     5 ||     5
       Scroll            |       |     3 ||     3
 Stab: Sleeping          |     4 |       ||     4
       Distracted        |       |     1 ||     1
Armor: Robe              |    18 |       ||    18
       Ring mail         |    46 |    22 ||    68
       Skin              |       |    77 ||    77
Dodge: Dodged            |    78 |    31 ||   109

Table legend: (Time is in decaauts)
 A = Elapsed time spent in this place.
 B = Non-inter-level travel time spent in this place.
 C = Inter-level travel time spent in this place.
 D = Time resting spent in this place.
 E = Time spent auto-exploring this place.
 F = Levels seen in this place.
 G = Mean time per level.
                   A        B        C        D        E       F      G
               +--------+--------+--------+--------+--------+-----+--------+
         Total |   1984 |   1968 |     16 |    445 |    920 |   3 |  661.3 |
       Dungeon |   1984 |   1968 |     16 |    445 |    920 |   3 |  661.3 |
               +--------+--------+--------+--------+--------+-----+--------+

Top non-repeatable levels by time:
     D:1: 1191 daAuts
     D:2: 457 daAuts
     D:3: 335 daAuts
